AoeStats
← BottleDry

Hill Fort

506966703Analyzed
4v4 RM · 17d ago on Sep 16, 2026· 40m 0s· 8 players
Game mode
Random Map
Map size
Large (8 player)
Population
200
Speed
Normal
Resources
Standard
Victory
Conquest
Starting age
Dark Age
Ending age
Imperial Age
RankedLock teamsTeams togetherTeam positionsShared explorationLock speedFull tech treeHidden civsTurbo modeCheats
Victory
Defeat
🇺🇸 Magyars · United States
923
+14
🇦🇷 Mongols · Argentina
923
+14
🇹🇷 Burgundians · Türkiye
887
+16
🇵🇪 Romans · Peru
859
+17
🇲🇽 Persians · Mexico
923
-17
🇨🇴 Koreans · Colombia
898
-16
🇺🇸 Aztecs · United States
879
-15
🇨🇴 Goths · Colombia
830
-13
eric.ashmore
10:25 Feudal Age
10:59 Double-Bit Axe
11:52 Wheelbarrow
10:59 Horse Collar
23:44 Castle Age
24:42 Caravan
24:45 Stone Mining
24:45 Gold Mining
25:55 Bow Saw
25:48 Heavy Plow
26:46 Bow Saw
29:49 Gold Shaft Mining
29:54 Stone Shaft Mining
Ryukuro-Tsubarashi
5:09 Loom
10:07 Feudal Age
13:01 Fletching
20:38 Double-Bit Axe
20:46 Horse Collar
24:03 Castle Age
30:24 Bodkin Arrow
Tentramitrozo 100 mg
0:38 Loom
11:18 Feudal Age
18:41 Castle Age
21:31 Double-Bit Axe
21:57 Horse Collar
27:29 Pikeman
28:09 Squires
gg
10:43 Feudal Age
13:58 Horse Collar
14:04 Double-Bit Axe
19:04 Castle Age
25:13 Pikeman
BottleDry
9:42 Feudal Age
11:08 Double-Bit Axe
11:17 Loom
11:23 Horse Collar
20:20 Castle Age
20:37 Scale Barding Armor
21:21 Padded Archer Armor
21:44 Chain Barding Armor
21:55 Heavy Plow
24:11 Husbandry
25:51 Bow Saw
27:18 Wheelbarrow
28:40 Corvinian Army
30:13 Bloodlines
31:13 Hand Cart
32:45 Gold Mining
32:47 Stone Mining
39:32 Imperial Age
36:48 Town Watch
40:48 Plate Barding Armor
39:36 Cavalier
CoskunKaya
2:08 Loom
3:31 Wheelbarrow
12:42 Feudal Age
11:46 Double-Bit Axe
11:49 Horse Collar
13:03 Gold Mining
14:52 Bow Saw
14:53 Heavy Plow
15:42 Gold Shaft Mining
16:34 Hand Cart
21:02 Castle Age
19:47 Forging
19:43 Scale Barding Armor
21:58 Husbandry
21:19 Cavalier
22:21 Chain Barding Armor
22:37 Iron Casting
27:22 Two-Man Saw
26:13 Stone Mining
28:32 Town Watch
29:23 Stone Shaft Mining
32:42 Crop Rotation
37:09 Imperial Age
37:33 Paladin
39:14 Blast Furnace
38:56 Plate Barding Armor
40:28 Redemption
GEDIAN
0:31 Loom
11:32 Feudal Age
12:28 Horse Collar
13:39 Double-Bit Axe
18:23 Fletching
18:05 Man-at-Arms
20:14 Padded Archer Armor
26:35 Castle Age
25:41 Scale Mail Armor
28:10 Bow Saw
28:57 Wheelbarrow
27:50 Long Swordsman
28:47 Chain Mail Armor
27:54 Elite Skirmisher
30:02 Gold Mining
30:15 Heavy Plow
30:33 Hand Cart
35:50 Imperial Age
35:18 Forging
35:50 Gold Shaft Mining
37:14 Crop Rotation
37:07 Conscription
37:04 Ballistas
39:33 Chemistry
38:57 Comitatenses
39:14 Murder Holes
39:38 Caravan
GSSC146961
0:39 Loom
13:26 Feudal Age
13:53 Double-Bit Axe
13:50 Horse Collar
14:02 Gold Mining
16:00 Wheelbarrow
14:48 Man-at-Arms
15:13 Arson
19:11 Scale Mail Armor
19:27 Fletching
22:40 Stone Mining
23:25 Scale Barding Armor
23:22 Padded Archer Armor
23:33 Forging
24:45 Bloodlines
27:53 Castle Age
27:58 Light Cavalry
29:05 Hand Cart
29:16 Chain Barding Armor
28:53 Bodkin Arrow
29:07 Heavy Plow
29:35 Bow Saw
30:20 Husbandry
34:37 Iron Casting
34:18 Leather Archer Armor
Connection lost

Rejoining the realm…

Still unreachable

The connection could not be restored.

Session expired

The server has moved on; the page needs a fresh start.